 Dungeon Crawl Stone Soup version 0.28-a0-413-gde365fb1df (webtiles) character file.

Game seed: 9643906800361548407

22160 Demosthentine the Impaler (level 12, -24/151 HPs)
             Began as a Merfolk Gladiator on Sept 7, 2021.
             Was a Priest of the Shining One.
             Annihilated by a death knight (25 damage)
             ... on level 12 of the Dungeon.
             The game lasted 00:17:04 (17385 turns).

Demosthentine the Impaler (Merfolk Gladiator)      Turns: 17385, Time: 00:17:06

Health: -24/151    AC: 14    Str: 25    XL:     12   Next: 97%
Magic:  18/18      EV: 22    Int:  8    God:    the Shining One [***...]
Gold:   1380       SH:  5    Dex: 21    Spells: 11/11 levels left

rFire   . . .      SeeInvis +   a - +1 trident
rCold   . . .      Faith    .   (no shield)
rNeg    + . .      Spirit   .   D - +0 troll leather armour
rPois   +          Reflect  +   d - +0 helmet of the Slug {Dex+3}
rElec   .          Harm     .   f - +1 cloak
rCorr   .          Rampage  .   H - +0 pair of gloves
Will    .....                   i - +0 pair of boots
Stlth   ..........              m - amulet "Liko" {Reflect Drain rPois Str+9 SH+5 SInv}
HPRegen 1.35/turn               r - +4 ring of protection
MPRegen 0.16/turn               (no ring)

@: berserking (expiring), lethally poisoned (-24 -> -26), glowing, very quick
A: (nimble swimmer 2), mertail
a: Renounce Religion, Divine Shield


You were on level 12 of the Dungeon.
You worshipped the Shining One.
The Shining One was most pleased with you.
You visited 2 branches of the dungeon, and saw 13 of its levels.
You also visited: Sewer and Bailey.

You collected 1866 gold pieces.
You spent 486 gold pieces at shops.

Inventory:

Hand Weapons
 a - a +1 trident (weapon)
 w - the +11 whip "Moczis" {drain, *Corrode +Blink rN+++ Str+3}
   (You found it on level 4 of the Dungeon)

   A truly terrible weapon, it drains the life of any living foe it strikes.
   Str:       It affects your strength (+3).
   rN:        It renders you almost immune to negative energy.
   +Blink:    It lets you blink.
   *Corrode:  It may corrode you when you take damage.
   The Shining One disapproves of the use of such an item.
 E - the +8 spear "Wocemn" {antimagic, *Slow rF+ rN+}
   (You bought it in a shop on level 11 of the Dungeon)

   It reduces the magical energy of the wielder, and disrupts the spells and
   magical abilities of those it strikes.
   Natural abilities and divine invocations are not affected.
   rF:        It protects you from fire.
   rN:        It protects you from negative energy.
   *Slow:     It may slow you when you take damage.
Armour
 d - the +0 helmet of the Slug (worn) {Dex+3}
   (You found it in a bailey)

   Dex:       It affects your dexterity (+3).
 f - a +1 cloak (worn)
 i - a +0 pair of boots (worn)
 D - a +0 troll leather armour (worn)
 H - a +0 pair of gloves (worn)
Jewellery
 m - the amulet "Liko" (around neck) {Reflect Drain rPois Str+9 SH+5 SInv}
   (You acquired it on level 5 of the Dungeon)

   [amulet of reflection]

   It reflects blocked missile attacks.
   Str:       It affects your strength (+9).
   rPois:     It protects you from poison.
   SInv:      It lets you see invisible.
   Drain:     It drains your maximum health when unequipped.
   SH:        It affects your SH (+5).
 r - a +4 ring of protection (left hand)
 y - the amulet of Vitality {Regen+ HP+15}
   (You acquired it on level 5 of the Dungeon)

   [amulet of regeneration]

   HP:        It affects your health (+15).
   Regen:     It increases your rate of health regeneration.
 F - a ring of see invisible
Wands
 b - a wand of mindburst (37)
 e - a wand of paralysis (11)
 o - a wand of flame (37)
Scrolls
 c - 3 scrolls of enchant armour
 h - 4 scrolls of holy word
 l - 3 scrolls of blinking
 u - 4 scrolls of teleportation
 v - 2 scrolls of amnesia
 x - a scroll of enchant weapon
 G - 2 scrolls of magic mapping
Potions
 g - a potion of mutation
 j - a potion of heal wounds
 k - 2 potions of flight
 n - 3 potions of curing
 p - 2 potions of lignification
 q - a potion of magic
 s - a potion of brilliance {unknown}
 t - 2 potions of attraction
 A - a potion of ambrosia
 B - 2 potions of might
 C - 2 potions of haste


   Skills:
 + Level 11.7 Fighting
 + Level 15.0 Polearms
 - Level 2.0 Throwing
 - Level 5.4 Armour
 + Level 13.9 Dodging
 + Level 8.6 Invocations


You had 11 spell levels left.
You didn't know any spells.
Your spell library contained the following spells:

 Spells                   Type           Power      Damage    Failure   Level
 Slow                     Hex            0%         N/A       58%         2
 Confusing Touch          Hex            0%         N/A       82%         3
 Conjure Flame            Conj/Fire      0%         6-21      82%         3
 Ignite Poison            Fire/Tmut/Pois 0%         N/A       82%         3
 Vampiric Draining        Necr           0%         2d6       82%         3
 Sticky Flame             Conj/Fire      0%         2d3       99%         4
 Freezing Cloud           Conj/Ice/Air   0%         6-21      100%        5
 Summon Forest            Summ/Tloc      0%         N/A       100%        5
 Eringya's Noxious Bog    Tmut/Pois      0%         N/A       100%        6
 Simulacrum               Ice/Necr       0%         N/A       100%        6
 Summon Hydra             Summ           0%         N/A       100%        7
 Polar Vortex             Ice            0%         N/A       100%        9


Dungeon Overview and Level Annotations

Branches:
Dungeon (12/15)            Temple (1/1) D:6            Lair (0/6) D:8
    Orc (0/2) D:9           Sewer (visited)          Bailey (visited)

Altars:
Ashenzari
Cheibriados
Dithmenos
Elyvilon
Fedhas
Gozag
Hepliaklqana
Kikubaaqudgha
Makhleb
Nemelex Xobeh
Okawaru
Qazlal
Ru
Sif Muna
Trog
Uskayaw
Vehumet
Wu Jian
Xom
Yredelemnul
Zin
The Shining One

Shops:
D:9 ([   D:11 *   D:12 *


Innate Abilities, Weirdness & Mutations

((You are quick and stealthy near water. (Stealth+, EV+, Speed+++)))
Your lower body shifts to a powerful aquatic tail in water.


Message History

* * * LOW HITPOINT WARNING * * *
You are more poisoned.
The ogre mage hits you but does no damage.
You can move again.
Unknown command.
Unknown command.
Unknown command.
Unknown command.
Unknown command.
Unknown command.
You hit the death knight.
The death knight is lightly wounded.
You feel sick. The death knight misses you.
You puncture the death knight!
The death knight is lightly wounded.
You feel sick.
The ogre mage gestures at you while chanting.
You resist with significant effort.
You puncture the death knight!
The death knight is moderately wounded.
You feel sick.
The death knight hits you with a +2 morningstar of venom!
* * * LOW HITPOINT WARNING * * *
You hit the death knight.
The death knight is heavily wounded.
* * * LOW HITPOINT WARNING * * *
You feel sick.
You hit the death knight but do no damage.
The death knight is heavily wounded.
* * * LOW HITPOINT WARNING * * *
You feel sick.
A basilisk comes into view.
The ogre mage hits you but does no damage.
The basilisk hisses angrily.
You puncture the death knight!
The death knight is heavily wounded.
* * * LOW HITPOINT WARNING * * *
You feel sick.
The death knight hits you with a +2 morningstar of venom!!
You die...

###.......# .## #......#..#.
..........# ..###.........#.
....[.....########.l##..#####..#.
..........##>)...'..[#..#......#.
#.#####..###<)...'..[#.^#...####.
#..#......########†.##..#......#.
#..#......# ).#.#..###..#......#.
#..#..###.# #.#O.## ####...#####
####....#.# #p@## #..#........
#.......#.# #..## #..#........
........#.# #..# #..#...#....
#..######.##?.# #......#....
#.......#.############).....#####
#.......#..#.....))..#......#...)
#.##############..####...........
.....#...........)..)............
....)#...........................


You could see a death knight, an ogre mage and a basilisk.

Vanquished Creatures
  2 fire dragons
  2 boulder beetles
  2 hydras
  2 two-headed ogres
  A centaur warrior (D:12)
  Urug (D:11)
  Pikel (D:4)
  An orc knight (Bailey)
  2 ugly things
  A deep elf pyromancer (D:12)
  Maurice (D:8)
  An unseen horror (D:12)
  3 kobold demonologists (D:12)
  A komodo dragon (D:11)
  Psyche (D:8)
  A queen bee (D:9)
  3 trolls
  Grinder (D:4)
  A meliai zombie (D:11)
  6 slime creatures (D:12)
  Sigmund (D:6)
  4 wyverns
  Eustachio (D:6)
  5 yaks (D:11)
  A steam dragon (D:9)
  Duvessa (D:5)
  3 water moccasins
  6 orc warriors
  2 ice beasts
  2 black bears
  3 necrophages
  4 ogres
  7 centaurs
  A phantom (D:7)
  4 kobold brigands
  10 bullfrogs
  A gnoll sergeant (D:10)
  3 scorpions
  Dowan (D:5)
  2 wyvern zombies
  A water moccasin skeleton (D:5)
  33 killer bees
  6 wights
  5 howler monkeys
  A bullfrog zombie (D:6)
  6 centaur zombies
  5 orc priests
  2 jellies
  3 hounds
  A bullfrog skeleton (D:5)
  A gnoll shaman (D:7)
  A scorpion zombie (D:5)
  An iguana (D:4)
  8 orc wizards
  A hound skeleton (D:5)
  3 howler monkey zombies
  7 gnolls
  11 adders
  2 white imps
  2 ufetubi (D:6)
  An adder skeleton (D:3)
  2 worms
  3 dart slugs
  47 orcs
  14 ball pythons
  7 bats
  23 endoplasms
  11 giant cockroaches
  9 goblins
  13 hobgoblins
  4 jackals (D:2)
  11 quokkas
  5 frilled lizards
  16 kobolds
  7 rats
369 creatures vanquished.

Vanquished Creatures (others)
  A scorpion (D:5)
  A hound (D:5)
  An iguana (D:5)
  An orc wizard (D:5)
  A goblin (D:8)
  A kobold (D:7)
  23 plants
  A withered plant (D:9)
30 creatures vanquished.

Grand Total: 399 creatures vanquished

Notes
Turn   | Place    | Note
-------+----------+-------------------------------------------
     0 | D:1      | Demosthentine the Merfolk Gladiator began the quest for the
                  | Orb.
     0 | D:1      | Reached XP level 1. HP: 16/16 MP: 1/1
    72 | D:1      | Reached XP level 2. HP: 19/23 MP: 2/2
   751 | D:1      | Reached XP level 3. HP: 19/28 MP: 3/3
  1646 | D:2      | Found a shimmering altar of Xom.
  1684 | D:2      | Reached skill level 5 in Polearms
  1783 | D:2      | Reached skill level 1 in Armour
  2250 | D:3      | Reached XP level 4. HP: 24/35 MP: 4/4
  2345 | D:3      | Found a glowing drain.
  2384 | Sewer    | Entered a sewer
  2478 | Sewer    | Reached skill level 5 in Dodging
  2658 | Sewer    | Reached XP level 5. HP: 41/41 MP: 5/5
  2776 | Sewer    | Reached skill level 6 in Polearms
  2776 | Sewer    | Reached XP level 6. HP: 21/48 MP: 6/6
  3706 | D:3      | Found a faded altar of an unknown god.
  3951 | D:3      | Found a burning altar of Makhleb.
  4154 | D:4      | Reached XP level 7. HP: 22/55 MP: 7/7
  4435 | D:4      | Noticed Pikel
  4461 | D:4      | Killed Pikel
  4462 | D:4      | Reached skill level 5 in Fighting
  4462 | D:4      | Reached skill level 7 in Polearms
  4462 | D:4      | Reached XP level 8. HP: 28/63 MP: 8/8
  4809 | D:4      | Reached skill level 8 in Polearms
  4837 | D:4      | Noticed Grinder
  4868 | D:4      | Paralysed by Grinder for 4 turns
  4881 | D:4      | Killed Grinder
  5415 | D:4      | Identified the +11 whip "Moczis" {drain, *Corrode +Blink
                  | rN+++ Str+3}
  5613 | D:4      | Found a broken altar of Ashenzari.
  5614 | D:4      | Found a bloodstained altar of Trog.
  5666 | D:4      | Found a sacrificial altar of Ru.
  5717 | D:5      | Entered Level 5 of the Dungeon
  5780 | D:5      | Reached skill level 9 in Polearms
  5794 | D:5      | Reached XP level 9. HP: 71/71 MP: 9/9
  5849 | D:5      | Noticed Duvessa
  5849 | D:5      | Noticed Dowan
  5873 | D:5      | Killed Duvessa
  5889 | D:5      | Killed Dowan
  6414 | D:5      | Found a shimmering altar of Xom.
  6778 | D:5      | Identified 3 scrolls of acquirement
  6778 | D:5      | Acquired the amulet of Vitality {Regen+ HP+15}
  6778 | D:5      | Found the amulet of Vitality {Regen+ HP+15}
  6791 | D:5      | Acquired 927 gold pieces
  6794 | D:5      | Acquired the amulet "Liko" {Reflect Drain rPois Str+9 SH+5
                  | SInv}
  7065 | D:6      | Found a staircase to the Ecumenical Temple.
  7072 | D:6      | Reached skill level 10 in Polearms
  7099 | Temple   | Entered the Ecumenical Temple
  7293 | Temple   | Became a worshipper of the Shining One
  7518 | D:6      | Noticed Sigmund
  7527 | D:6      | Killed Sigmund
  7832 | D:6      | Noticed Eustachio
  7859 | D:6      | Killed Eustachio
  7884 | D:6      | Reached skill level 5 in Armour
  8009 | D:7      | Reached XP level 10. HP: 41/80 MP: 10/10
  8017 | D:7      | Reached skill level 10 in Dodging
  8293 | D:7      | Reached * piety under the Shining One
  8325 | D:7      | Reached skill level 11 in Polearms
  8991 | D:8      | Noticed a four-headed hydra
  8991 | D:8      | Reached ** piety under the Shining One
  9009 | D:8      | Killed a four-headed hydra
  9010 | D:8      | Reached skill level 1 in Invocations
  9028 | D:8      | Noticed a fire dragon
  9041 | D:8      | Killed a fire dragon
  9076 | D:8      | Found a flagged portal.
  9083 | Bailey   | Entered a bailey
  9410 | Bailey   | Reached skill level 12 in Polearms
  9916 | Bailey   | Noticed an orc knight
  9939 | Bailey   | Killed an orc knight
  9940 | Bailey   | Reached XP level 11. HP: 46/89 MP: 13/13
 10004 | Bailey   | Identified the +0 helmet of the Slug {Dex+3}
 10252 | D:8      | Found a staircase to the Lair.
 10286 | D:8      | Noticed Maurice
 10300 | D:8      | Killed Maurice
 10392 | D:8      | Noticed Psyche
 10401 | D:8      | Killed Psyche
 10984 | D:8      | Noticed a two-headed ogre
 11010 | D:8      | Killed a two-headed ogre
 11011 | D:8      | Reached skill level 5 in Invocations
 11551 | D:9      | Reached skill level 10 in Fighting
 11553 | D:9      | Found Dahig's Armour Emporium.
 11554 | D:9      | Found a staircase to the Orcish Mines.
 11657 | D:9      | Found Gog Enoi's Weapon Emporium.
 11734 | D:9      | Reached skill level 13 in Polearms
 11866 | D:9      | Noticed a two-headed ogre
 11880 | D:9      | Killed a two-headed ogre
 12983 | D:9      | Found an ancient bone altar of Kikubaaqudgha.
 13680 | D:10     | Entered Level 10 of the Dungeon
 13729 | D:10     | Reached *** piety under the Shining One
 14158 | D:10     | Reached XP level 12. HP: 99/99 MP: 16/16
 14354 | D:11     | Noticed a five-headed hydra
 14381 | D:11     | Killed a five-headed hydra
 14532 | D:11     | Noticed Urug
 14572 | D:11     | Killed Urug
 14573 | D:11     | Reached skill level 14 in Polearms
 15108 | D:11     | Noticed a boulder beetle
 15138 | D:11     | Killed a boulder beetle
 15407 | D:11     | Found Adettoeg's Assorted Antiques.
 15414 | D:11     | Bought a bone spear for 216 gold pieces
 15414 | D:11     | Identified the +8 spear "Wocemn" {antimagic, *Slow rF+ rN+}
                  | (You bought it in a shop on level 11 of the Dungeon)
 15414 | D:11     | Bought a potion of curing for 81 gold pieces
 15414 | D:11     | Bought a potion of might for 108 gold pieces
 15414 | D:11     | Bought a scroll of teleportation for 81 gold pieces
 15993 | D:12     | Noticed a sun demon
 16273 | D:12     | Found Ateasuq's Overcharged Wands.
 17274 | D:12     | Noticed a centaur warrior
 17290 | D:12     | Killed a centaur warrior
 17328 | D:12     | Noticed a boulder beetle
 17355 | D:12     | Killed a boulder beetle
 17357 | D:12     | Noticed a fire dragon
 17357 | D:12     | Noticed a death knight
 17366 | D:12     | Noticed an ogre mage
 17373 | D:12     | Killed a fire dragon
 17376 | D:12     | Reached skill level 15 in Polearms
 17376 | D:12     | Paralysed by an ogre mage for 3 turns
 17382 | D:12     | HP: 2/151 [death knight (13)]
 17385 | D:12     | Annihilated by a death knight

Illustrated notes

Levels and vault maps discovered:
D:1:      dpeg_arrival_water_temple_mockup, layout_loops_ring, serial_forest,
          infiniplex_forest_lined_ring, infiniplex_forest_end_3,
          infiniplex_forest_join, infiniplex_forest_lined_2,
          infiniplex_forest_lined_room_3, infiniplex_forest_clump_double,
          infiniplex_forest_pool, infiniplex_forest_clump_tiny,
          minmay_surrounded
D:2:      layout_basic, basic_altar, serial_corexii_hall,
          chequers_hall_statues_y, chequers_hall_statues_y
D:3:      layout_basic, lightli_temple_of_fire, gup_sewer_entry_pipe,
          shapermc_ecumenical_altar_venn
D:4:      layout_loops_ring, nicolae_ru_the_path_less_chosen,
          amethyst_overflow_temple_binary, kennysheep_generic_room_7,
          uniq_pikel, uniq_grinder
D:5:      layout_loops_ring, xom_confusion_cloud, uniq_duvessa
D:6:      layout_basic, minmay_temple_entry_trees, minivault_11, uniq_eustachio,
          uniq_sigmund
D:7:      layout_rooms, kennysheep_generic_room_11
D:8:      layout_loops_corners, minmay_lair_entry_lava, enter_bailey_3,
          minmay_misc_feat_cross, kennysheep_kite_vault, uniq_maurice,
          uniq_psyche
D:9:      layout_roguey, kiku_gazebo_garden_becter, orc_david_3, serial_curves,
          eino_curves_04, eino_curves_04, corexii_checkpoint_a,
          nicolae_looking_at_the_future
D:10:     layout_small_grid
D:11:     layout_basic, serial_shops, nicolae_shop_crystal, uniq_urug
D:12:     hangedman_arrow_trap, layout_grid_maze, nicolae_shop_overcharged_wands
Temple:   regret_index_temple_sphere_string

Skill      XL: |  1  2  3  4  5  6  7  8  9 10 11 12 |
---------------+-------------------------------------+-----
Polearms       | 5 6 7 9 10 12 13 15 | 15.0
Armour         | 1 2 3 4 5 |  5.4
Fighting       | 3 4 5 6 7 9 10 11 | 11.7
Dodging        | 5 6 7 8 9 11 12 13 | 13.9
Invocations    | 3 6 8 |  8.6
Throwing       | |  2.0

Action                   |  1- 3 |  4- 6 |  7- 9 | 10-12 || total
-------------------------+-------+-------+-------+-------++-------
Melee: Trident           |   130 |   234 |   389 |  1025 ||  1778
       Tailslap          |       |    12 |       |     1 ||    13
       Unarmed           |       |       |     3 |       ||     3
       Spear             |       |       |       |    10 ||    10
Throw: Throwing net      |       |     2 |       |     2 ||     4
Invok: Divine Shield     |       |       |       |     1 ||     1
  Use: Scroll            |     6 |     5 |    15 |     6 ||    32
       Potion            |       |       |     1 |     7 ||     8
 Stab: Sleeping          |     1 |     7 |     2 |       ||    10
       Held in net/web   |       |     3 |       |       ||     3
       Confused          |       |       |     1 |       ||     1
Armor: Leather armour    |    21 |    51 |    74 |   168 ||   314
       Troll leather arm |       |       |       |    39 ||    39
Dodge: Dodged            |    72 |   134 |   231 |   789 ||  1226
Block: Other             |       |       |    26 |   196 ||   222
       Reflection        |       |       |       |     6 ||     6

Table legend: (Time is in decaauts)
 A = Elapsed time spent in this place.
 B = Non-inter-level travel time spent in this place.
 C = Inter-level travel time spent in this place.
 D = Time resting spent in this place.
 E = Time spent auto-exploring this place.
 F = Levels seen in this place.
 G = Mean time per level.
                   A        B        C        D        E       F      G
               +--------+--------+--------+--------+--------+-----+--------+
         Total |  16916 |  16392 |    524 |    532 |  13052 |  15 | 1127.7 |
       Dungeon |  15015 |  14491 |    524 |    490 |  11652 |  12 | 1251.2 |
        Temple |    222 |    222 |      0 |      0 |    126 |   1 |  222.0 |
         Sewer |    542 |    542 |      0 |      0 |    375 |   1 |  542.0 |
        Bailey |   1136 |   1136 |      0 |     42 |    899 |   1 | 1136.0 |
               +--------+--------+--------+--------+--------+-----+--------+

Top non-repeatable levels by time:
     D:9: 2067 daAuts
     D:4: 1678 daAuts
    D:12: 1591 daAuts
     D:8: 1353 daAuts
    D:11: 1306 daAuts
     D:1: 1219 daAuts
     D:3: 1195 daAuts
  Bailey: 1136 daAuts
     D:5: 1082 daAuts
     D:2: 1013 daAuts
     D:7: 949 daAuts
     D:6: 924 daAuts
    D:10: 632 daAuts
   Sewer: 542 daAuts
  Temple: 222 daAuts
